AoeStats
← VIT Liereyy

Arabian Desert

509322603Analyzed
1v1 RM · 6d ago on Sep 26, 2026· 25m 33s· 2 players
Game mode
Random Map
Map size
Tiny (2 player)
Population
200
Speed
Normal
Resources
Standard
Victory
Conquest
Starting age
Dark Age
Ending age
Imperial Age
RankedLock teamsTeams togetherTeam positionsShared explorationLock speedFull tech treeHidden civsTurbo modeCheats
Victory
Defeat
🇦🇹 Bengalis · Austria
2975
+1
🇷🇴 Berbers · Romania
2448
-1
VIT Liereyy
5:55 Loom
8:20 Feudal Age
8:53 Double-Bit Axe
8:55 Town Watch
15:19 Fletching
16:21 Forging
21:14 Castle Age
19:15 Horse Collar
19:58 Scale Barding Armor
20:22 Bloodlines
20:30 Gold Mining
21:16 Crossbowman
21:51 Bodkin Arrow
21:56 Light Cavalry
23:25 Bow Saw
25:51 Ballistics
Andre_2i
6:05 Loom
8:41 Feudal Age
8:52 Man-at-Arms
9:21 Double-Bit Axe
13:22 Horse Collar
17:18 Fletching
21:11 Castle Age
19:42 Padded Archer Armor
20:38 Scale Barding Armor
20:41 Padded Archer Armor
22:41 Chain Barding Armor
Connection lost

Rejoining the realm…

Still unreachable

The connection could not be restored.

Session expired

The server has moved on; the page needs a fresh start.